Pick #1

Connor Bedard
Pick #2

Leo Carlsson
Pick #3

Adam Fantilli
Pick #4

Matvei Michkov
Pick #5

David Reinbacher
Pick #6

William Smith
Pick #7

Zachary Benson
Pick #8

Ryan Leonard
Pick #9

Gabriel Perreault
Pick #10

Axel Sandin-Pellika
Pick #11

Daniil But
Pick #12

Dalibor Dvorsky
Pick #13

Quentin Musty
Pick #14

Brayden Yager
Pick #15

Dmitry Simashev
Pick #16

Colby Barlow
Pick #17

Andrew Cristall
Pick #18

Easton Cowan
Pick #19

Jacob Fowler
Pick #20

Oliver Moore
Pick #21

Oliver Bonk
Pick #22

Tom Willander
Pick #23

Calum Ritchie
Pick #24

Tanner Molendyk
Pick #25

Gavin Brindley
Pick #26

Nate Danielson
Pick #27

Pick #28

Pick #29

Pick #30

Pick #31

Pick #32

Pick #33

Pick #34

Pick #35

Pick #36

Pick #37

Pick #38

Pick #39

Pick #40

Pick #41

Pick #42

Pick #43

Pick #44

Pick #45

Pick #46

Pick #47

Pick #48

Pick #49

Pick #50

Pick #51

Pick #52

Pick #53

Pick #54

Pick #55

Pick #56

Pick #57

Pick #58

Pick #59

Pick #60

Pick #61

Pick #62

Pick #63

Pick #64

Pick #65

Pick #66

Pick #67

Pick #68

Pick #69

Pick #70

Pick #71

Pick #72

Pick #73

Pick #74

Pick #75

Pick #76

Pick #77

Pick #78

Pick #79

Pick #80

Pick #81

Pick #82

Pick #83

Pick #84

Pick #85

Pick #86

Pick #87

Pick #88

Pick #89

Pick #90

Pick #91

Pick #92

Pick #93

Pick #94

Pick #95

Pick #96

Pick #97

Pick #98

Pick #99

Pick #100

Pick #101

Pick #102

Pick #103

Pick #104

Pick #105

Pick #106

Pick #107

Pick #108

Pick #109

Pick #110

Pick #111

Pick #112

Pick #113

Pick #114

Pick #115

Pick #116

Pick #117

Pick #118

Pick #119

Pick #120

Pick #121

Pick #122

Pick #123

Pick #124

Pick #125

Pick #126

Pick #127

Pick #128

Pick #129

Pick #130

Full Scoreboard »»

Golden Knights vs Panthers

Created - February 1, 2024 at 22:56

Goals
1 2 3 T
Golden Knights 1 0 2 3
Panthers 3 3 0 6
Shots
1 2 3 T
Golden Knights 5 10 4 19
Panthers 16 12 8 36

GoalsPenalties
1st period
1. Panthers , Owen Power 5 (Roope Hintz 25, Mike Matheson 24) at 0:54 (PP)
2. Panthers , Frederick Gaudreau 4 (Owen Power 28) at 3:14
3. Panthers , Roope Hintz 24 (Charlie McAvoy 33, Quinn Hughes 43) at 15:38
4. Golden Knights , Mark Stone 18 (Artemi Panarin 21, Zach Werenski 32) at 16:08
Nathan MacKinnon (VGK) for Hooking (Minor) at 0:30
Travis Hamonic (VGK) for High sticking (Minor) at 5:44
2nd period
5. Panthers , Aleksander Barkov 24 (Charlie McAvoy 34) at 8:13
6. Panthers , Owen Power 6 (Aleksander Barkov 31, Mike Matheson 25) at 10:13 (PP)
7. Panthers , Matthew Tkachuk 24 (Owen Power 29, Aleksander Barkov 32) at 11:49
Travis Hamonic (VGK) for Interference (Minor) at 8:57
Miro Heiskanen (VGK) for Roughing (Minor) at 13:47
Charlie McAvoy (FLA) for Interference (Minor) at 17:31
3rd period
8. Golden Knights , Travis Hamonic 5 (Rafael Harvey-Pinard 7, Jack Roslovic 6) at 4:45
9. Golden Knights , Tomas Hertl 12 (Zach Werenski 33, T.J. Oshie 11) at 7:40 (PP)
Jakob Chychrun (VGK) for Slashing (Minor) at 2:25
Owen Power (FLA) for Tripping (Minor) at 7:11
Jack Roslovic (VGK) for Tripping (Minor) at 11:59
Goalie Stats
Ilya Samsonov (VGK), 15 saves from 19 shots - (0.789), L, 17-18-7, 28:13 minutes
Thomas Greiss (VGK), 15 saves from 17 shots - (0.882), 31:47 minutes
Alexandar Georgiev (FLA), 16 saves from 19 shots - (0.842), W, 30-8-4, 60:00 minutes
3 StarsOfficial
1 - Owen Power (FLA)
2 - Aleksander Barkov (FLA)
3 - Roope Hintz (FLA)
Referees : Tim Mayer and Sean MacFarlane
Linesman : Derek Amell and Mark Shewchyk
Game Note
Thomas Greiss enters game at 8:13 of 2nd period
Finance
Level 1 -- Attendance: 6000 (100.00%) -- Ticket Income $720,000
Level 2 -- Attendance: 4605 (92.10%) -- Ticket Income $428,265
Level 3 -- Attendance: 2855 (81.57%) -- Ticket Income $194,140
Level 4 -- Attendance: 2398 (63.95%) -- Ticket Income $103,114
Luxury Box -- Attendance: 955 (95.50%) -- Ticket Income $219,650
Game was played at the BBT Center.
Total Attendance: 16813 (87.34%)
Total Ticket Income: $1,665,169
Other Income: $416,292
Total Income: $2,081,461



Team Name Goals Shots Shots Attemp Shots Blocked PIM HIT PP PK FO%
Golden Knights 31937912221 / 2 (50%)249%
Panthers 6367544202 / 6 (33%)151%

Golden Knights
Player Name POS G A P +/- PIM HIT SHT SB MP PP MP PP SHT PK MP PK SHT FO% FOT
Adam BoqvistD000-1020121:021:1905:0900% 0
Artemi PanarinLW011-1013024:091:1905:5910% 2
Derek GrantC000000000:000:0000:0000% 0
Jack RoslovicC0110200013:330:0000:00042% 12
Jake EvansC000000000:000:0000:0000% 0
Jakob ChychrunD000-1210220:341:1904:4200% 0
Kirby DachC0000011014:590:0000:00033% 3
Marcus FolignoLW000-1051019:101:0900:3000% 1
Mark StoneRW101-1003019:401:1902:550100% 2
Mattias JanmarkC000-1020013:350:0000:0000% 0
Miro HeiskanenD0000241223:561:0903:0100% 0
Nathan MacKinnonC000-1222023:441:1905:35060% 40
Rafael Harvey-PinardLW0110001013:460:0000:1200% 1
T.J. OshieRW011-1020018:401:0900:0000% 0
Tomas HertlC101-1023021:351:0912:55041% 29
Travis HamonicD101-1402115:110:0001:3800% 0
Vladislav NamestnikovC000000001:060:0001:060100% 1
Zach WerenskiD0220002325:381:0904:4200% 0
Panthers
Player Name POS G A P +/- PIM HIT SHT SB MP PP MP PP SHT PK MP PK SHT FO% FOT
Aleksander BarkovC1231007022:504:5300:49048% 29
Andrei SvechnikovRW0001072020:333:2500:00033% 3
Brady TkachukLW0001031018:524:4300:2900% 1
Charlie McAvoyD0222221122:214:2900:1000% 0
Frederick GaudreauC101100207:040:0001:07057% 7
Jack HughesC0001002018:334:5310:0000% 1
Jake SandersonD0000002117:560:0001:2300% 0
Jamie BennLW000-1031012:291:1800:00050% 2
Matthew TkachukLW1011012022:014:5300:0000% 2
Michael McLeodC000100006:270:0000:3000% 1
Mikael BacklundC000-1012012:420:0001:31054% 13
Mike MathesonD0220012018:475:0700:0000% 0
Oliver Ekman-LarssonD0000000015:280:0000:5200% 0
Owen PowerD2240214121:375:0730:5400% 0
Quinn HughesD0112002123:494:2921:3700% 0
Reilly SmithRW000-1002011:410:0000:3000% 1
Robby FabbriC000101005:570:0000:0000% 0
Roope HintzC1121004018:234:4320:00061% 31



Play-by-Play

1st period


0:01 of 1st period - Nathan MacKinnon wins face-off versus Matthew Tkachuk in neutral zone.
0:10 of 1st period - Aleksander Barkov is hit by Miro Heiskanen and loses puck.
0:29 of 1st period - Shot by Artemi Panarin.
0:29 of 1st period - Shot Misses the Net.
0:30 of 1st period - Minor Penalty to Nathan MacKinnon for Hooking.
0:31 of 1st period - Vladislav Namestnikov wins face-off versus Andrei Svechnikov in Golden Knights zone.
0:54 of 1st period - Shot by Owen Power.
0:54 of 1st period - Goal by Owen Power - Golden Knights : 0 - Panthers : 1.
0:55 of 1st period - Tomas Hertl wins face-off versus Mikael Backlund in neutral zone.
1:02 of 1st period - Shot by Marcus Foligno.
1:02 of 1st period - Shot Blocked by Owen Power.
1:06 of 1st period - Shot by T.J. Oshie.
1:06 of 1st period - Shot Misses the Net.
1:08 of 1st period - Shot by Marcus Foligno.
1:08 of 1st period - Shot Misses the Net.
1:34 of 1st period - Shot by Mikael Backlund.
1:34 of 1st period - Stopped by Ilya Samsonov without a rebound.
1:35 of 1st period - Roope Hintz wins face-off versus Jack Roslovic in Golden Knights zone.
2:10 of 1st period - Shot by Roope Hintz.
2:10 of 1st period - Shot Misses the Net.
2:12 of 1st period - Shot by Roope Hintz.
2:12 of 1st period - Shot Misses the Net.
2:14 of 1st period - Shot by Mike Matheson.
2:14 of 1st period - Stopped by Ilya Samsonov without a rebound.
2:15 of 1st period - Aleksander Barkov wins face-off versus Nathan MacKinnon in Golden Knights zone.
2:22 of 1st period - Shot by Aleksander Barkov.
2:22 of 1st period - Shot Misses the Net.
2:33 of 1st period - Off-side.
2:34 of 1st period - Tomas Hertl wins face-off versus Frederick Gaudreau in neutral zone.
3:14 of 1st period - Shot by Frederick Gaudreau.
3:14 of 1st period - Goal by Frederick Gaudreau - Golden Knights : 0 - Panthers : 2.
3:15 of 1st period - Nathan MacKinnon wins face-off versus Aleksander Barkov in neutral zone.
3:28 of 1st period - Shot by Aleksander Barkov.
3:28 of 1st period - Shot Misses the Net.
3:30 of 1st period - Shot by Aleksander Barkov.
3:30 of 1st period - Stopped by Ilya Samsonov without a rebound.
3:31 of 1st period - Roope Hintz wins face-off versus Jack Roslovic in Golden Knights zone.
3:56 of 1st period - Shot by Roope Hintz.
3:56 of 1st period - Shot Misses the Net.
5:20 of 1st period - Icing by Jamie Benn.
5:21 of 1st period - Mikael Backlund wins face-off versus Tomas Hertl in Panthers zone.
5:31 of 1st period - Jamie Benn is hit by Mattias Janmark and loses puck.
5:35 of 1st period - Icing by Mattias Janmark.
5:36 of 1st period - Roope Hintz wins face-off versus Tomas Hertl in Golden Knights zone.
5:36 of 1st period - Jack Hughes is hit by Mattias Janmark and loses puck.
5:44 of 1st period - Minor Penalty to Travis Hamonic for High sticking.
5:45 of 1st period - Nathan MacKinnon wins face-off versus Aleksander Barkov in Golden Knights zone.
5:49 of 1st period - Off-side.
5:50 of 1st period - Nathan MacKinnon wins face-off versus Matthew Tkachuk in neutral zone.
6:29 of 1st period - Shot by Charlie McAvoy.
6:29 of 1st period - Deflect By Matthew Tkachuk.
6:29 of 1st period - Shot Blocked by Zach Werenski.
6:31 of 1st period - Shot by Aleksander Barkov.
6:31 of 1st period - Shot Misses the Net.
6:33 of 1st period - Shot by Aleksander Barkov.
6:33 of 1st period - Deflect By Jack Hughes.
6:33 of 1st period - Shot Blocked by Zach Werenski.
7:11 of 1st period - Nathan MacKinnon is hit by Brady Tkachuk.
7:26 of 1st period - Mike Matheson is hit by Tomas Hertl and loses puck.
7:33 of 1st period - Jakob Chychrun is hit by Andrei Svechnikov.
8:20 of 1st period - Icing by Mikael Backlund.
8:21 of 1st period - Mark Stone wins face-off versus Reilly Smith in Panthers zone.
8:39 of 1st period - Shot by Jake Sanderson.
8:39 of 1st period - Stopped by Ilya Samsonov without a rebound.
8:40 of 1st period - Tomas Hertl wins face-off versus Frederick Gaudreau in Golden Knights zone.
9:06 of 1st period - Robby Fabbri is hit by Marcus Foligno and loses puck.
9:10 of 1st period - Off-side.
9:11 of 1st period - Aleksander Barkov wins face-off versus Nathan MacKinnon in neutral zone.
9:14 of 1st period - Shot by Andrei Svechnikov.
9:14 of 1st period - Stopped by Ilya Samsonov with a rebound.
9:16 of 1st period - Shot by Matthew Tkachuk.
9:16 of 1st period - Shot Misses the Net.
9:18 of 1st period - Shot by Aleksander Barkov.
9:18 of 1st period - Stopped by Ilya Samsonov without a rebound.
9:19 of 1st period - Andrei Svechnikov wins face-off versus Nathan MacKinnon in Golden Knights zone.
9:45 of 1st period - Shot by Mark Stone.
9:45 of 1st period - Deflect By Nathan MacKinnon.
9:45 of 1st period - Stopped by Alexandar Georgiev without a rebound.
9:46 of 1st period - Roope Hintz wins face-off versus Tomas Hertl in Panthers zone.
10:18 of 1st period - Icing by Charlie McAvoy.
10:19 of 1st period - Roope Hintz wins face-off versus Nathan MacKinnon in Panthers zone.
10:23 of 1st period - Charlie McAvoy is hit by Miro Heiskanen and loses puck.
12:14 of 1st period - Mike Matheson is hit by Marcus Foligno.
12:44 of 1st period - Shot by Frederick Gaudreau.
12:44 of 1st period - Shot Misses the Net.
12:46 of 1st period - Shot by Frederick Gaudreau.
12:46 of 1st period - Stopped by Ilya Samsonov without a rebound.
12:47 of 1st period - Jack Roslovic wins face-off versus Roope Hintz in Golden Knights zone.
12:51 of 1st period - Mattias Janmark is hit by Brady Tkachuk and loses puck.
13:07 of 1st period - Shot by Rafael Harvey-Pinard.
13:07 of 1st period - Shot Misses the Net.
13:09 of 1st period - Shot by Travis Hamonic.
13:09 of 1st period - Shot Blocked by Quinn Hughes.
13:11 of 1st period - Shot by Travis Hamonic.
13:11 of 1st period - Shot Misses the Net.
13:14 of 1st period - Kirby Dach is hit by Charlie McAvoy and loses puck.
14:42 of 1st period - Shot by Mikael Backlund.
14:42 of 1st period - Stopped by Ilya Samsonov without a rebound.
14:43 of 1st period - Tomas Hertl wins face-off versus Frederick Gaudreau in Golden Knights zone.
14:43 of 1st period - Jakob Chychrun is hit by Robby Fabbri and loses puck.
14:56 of 1st period - Mike Matheson is hit by Marcus Foligno and loses puck.
15:12 of 1st period - Michael McLeod is hit by Adam Boqvist and loses puck.
15:20 of 1st period - Icing by Jakob Chychrun.
15:21 of 1st period - Roope Hintz wins face-off versus Tomas Hertl in Golden Knights zone.
15:26 of 1st period - Shot by Jack Hughes.
15:26 of 1st period - Stopped by Ilya Samsonov without a rebound.
15:27 of 1st period - Roope Hintz wins face-off versus Nathan MacKinnon in Golden Knights zone.
15:36 of 1st period - Shot by Roope Hintz.
15:36 of 1st period - Shot Misses the Net.
15:38 of 1st period - Shot by Roope Hintz.
15:38 of 1st period - Goal by Roope Hintz - Golden Knights : 0 - Panthers : 3.
15:39 of 1st period - Aleksander Barkov wins face-off versus Nathan MacKinnon in neutral zone.
15:43 of 1st period - Matthew Tkachuk is hit by Nathan MacKinnon and loses puck.
16:06 of 1st period - Shot by Artemi Panarin.
16:06 of 1st period - Shot Misses the Net.
16:08 of 1st period - Shot by Mark Stone.
16:08 of 1st period - Goal by Mark Stone - Golden Knights : 1 - Panthers : 3.
16:09 of 1st period - Roope Hintz wins face-off versus Tomas Hertl in neutral zone.
16:25 of 1st period - Shot by Jack Hughes.
16:25 of 1st period - Shot Misses the Net.
16:27 of 1st period - Shot by Roope Hintz.
16:27 of 1st period - Deflect By Jack Hughes.
16:27 of 1st period - Shot Misses the Net.
16:29 of 1st period - Shot by Roope Hintz.
16:29 of 1st period - Stopped by Ilya Samsonov without a rebound.
16:30 of 1st period - Aleksander Barkov wins face-off versus Kirby Dach in Golden Knights zone.
16:49 of 1st period - Shot by Nathan MacKinnon.
16:49 of 1st period - Deflect By Kirby Dach.
16:49 of 1st period - Shot Blocked by Jake Sanderson.
16:51 of 1st period - Shot by Zach Werenski.
16:51 of 1st period - Stopped by Alexandar Georgiev with a rebound.
16:57 of 1st period - Shot by Artemi Panarin.
16:57 of 1st period - Stopped by Alexandar Georgiev without a rebound.
16:58 of 1st period - Tomas Hertl wins face-off versus Roope Hintz in Panthers zone.
17:01 of 1st period - Shot by Tomas Hertl.
17:01 of 1st period - Stopped by Alexandar Georgiev without a rebound.
17:02 of 1st period - Roope Hintz wins face-off versus Tomas Hertl in Panthers zone.
17:02 of 1st period - Roope Hintz is hit by Tomas Hertl.
17:05 of 1st period - Icing by Charlie McAvoy.
17:06 of 1st period - Roope Hintz wins face-off versus Nathan MacKinnon in Panthers zone.
17:25 of 1st period - Miro Heiskanen is hit by Brady Tkachuk and loses puck.
18:18 of 1st period - Shot by Aleksander Barkov.
18:18 of 1st period - Stopped by Ilya Samsonov with a rebound.
18:20 of 1st period - Shot by Andrei Svechnikov.
18:20 of 1st period - Stopped by Ilya Samsonov without a rebound.
18:21 of 1st period - Mikael Backlund wins face-off versus Tomas Hertl in Golden Knights zone.
19:49 of 1st period - Shot by Matthew Tkachuk.
19:49 of 1st period - Stopped by Ilya Samsonov without a rebound.
19:50 of 1st period - Roope Hintz wins face-off versus Artemi Panarin in Golden Knights zone.
Goals for this period are 1 for Golden Knights vs 3 for Panthers.
Shots for this period are 5 for Golden Knights vs 16 for Panthers.

2nd period


0:01 of 2nd period - Nathan MacKinnon wins face-off versus Aleksander Barkov in neutral zone.
0:01 of 2nd period - Nathan MacKinnon is hit by Matthew Tkachuk.
0:46 of 2nd period - Icing by Miro Heiskanen.
0:47 of 2nd period - Nathan MacKinnon wins face-off versus Roope Hintz in Golden Knights zone.
1:28 of 2nd period - Shot by Marcus Foligno.
1:28 of 2nd period - Stopped by Alexandar Georgiev without a rebound.
1:29 of 2nd period - Jack Roslovic wins face-off versus Mikael Backlund in Panthers zone.
1:48 of 2nd period - Shot by Kirby Dach.
1:48 of 2nd period - Shot Misses the Net.
1:54 of 2nd period - Shot by Jack Roslovic.
1:54 of 2nd period - Shot Misses the Net.
1:56 of 2nd period - Shot by Jack Roslovic.
1:56 of 2nd period - Deflect By Kirby Dach.
1:56 of 2nd period - Shot Misses the Net.
1:58 of 2nd period - Shot by Mattias Janmark.
1:58 of 2nd period - Shot Misses the Net.
2:21 of 2nd period - Reilly Smith is hit by Adam Boqvist and loses puck.
2:37 of 2nd period - Shot by Marcus Foligno.
2:37 of 2nd period - Shot Misses the Net.
3:08 of 2nd period - Icing by Oliver Ekman-Larsson.
3:09 of 2nd period - Mikael Backlund wins face-off versus Nathan MacKinnon in Panthers zone.
3:26 of 2nd period - Icing by Owen Power.
3:27 of 2nd period - Aleksander Barkov wins face-off versus Jack Roslovic in Panthers zone.
3:49 of 2nd period - Shot by Andrei Svechnikov.
3:49 of 2nd period - Shot Blocked by Travis Hamonic.
3:51 of 2nd period - Shot by Owen Power.
3:51 of 2nd period - Stopped by Ilya Samsonov without a rebound.
3:52 of 2nd period - Nathan MacKinnon wins face-off versus Roope Hintz in Golden Knights zone.
4:05 of 2nd period - Shot by Miro Heiskanen.
4:05 of 2nd period - Stopped by Alexandar Georgiev without a rebound.
4:06 of 2nd period - Tomas Hertl wins face-off versus Aleksander Barkov in Panthers zone.
4:33 of 2nd period - Shot by Tomas Hertl.
4:33 of 2nd period - Stopped by Alexandar Georgiev without a rebound.
4:34 of 2nd period - Kirby Dach wins face-off versus Roope Hintz in Panthers zone.
4:40 of 2nd period - Off-side.
4:41 of 2nd period - Roope Hintz wins face-off versus Nathan MacKinnon in neutral zone.
4:56 of 2nd period - Shot by Artemi Panarin.
4:56 of 2nd period - Deflect By Nathan MacKinnon.
4:56 of 2nd period - Stopped by Alexandar Georgiev with a rebound.
4:58 of 2nd period - Shot by Zach Werenski.
4:58 of 2nd period - Shot Misses the Net.
5:00 of 2nd period - Shot by Zach Werenski.
5:00 of 2nd period - Stopped by Alexandar Georgiev with a rebound.
5:02 of 2nd period - Shot by Artemi Panarin.
5:02 of 2nd period - Shot Misses the Net.
5:43 of 2nd period - Jakob Chychrun is hit by Andrei Svechnikov and loses puck.
5:50 of 2nd period - Shot by Andrei Svechnikov.
5:50 of 2nd period - Shot Blocked by Adam Boqvist.
6:05 of 2nd period - Jakob Chychrun is hit by Andrei Svechnikov and loses puck.
6:49 of 2nd period - Icing by Jakob Chychrun.
6:50 of 2nd period - Mikael Backlund wins face-off versus Tomas Hertl in Golden Knights zone.
6:51 of 2nd period - Shot by Reilly Smith.
6:51 of 2nd period - Shot Misses the Net.
6:54 of 2nd period - Icing by Jakob Chychrun.
6:55 of 2nd period - Frederick Gaudreau wins face-off versus Tomas Hertl in Golden Knights zone.
7:16 of 2nd period - Shot by Robby Fabbri.
7:16 of 2nd period - Shot Blocked by Jakob Chychrun.
7:18 of 2nd period - Shot by Charlie McAvoy.
7:18 of 2nd period - Stopped by Ilya Samsonov without a rebound.
7:19 of 2nd period - Roope Hintz wins face-off versus Nathan MacKinnon in Golden Knights zone.
7:33 of 2nd period - Icing by Oliver Ekman-Larsson.
7:34 of 2nd period - Roope Hintz wins face-off versus Jack Roslovic in Panthers zone.
7:54 of 2nd period - Icing by Jack Roslovic.
7:55 of 2nd period - Aleksander Barkov wins face-off versus Rafael Harvey-Pinard in Golden Knights zone.
8:13 of 2nd period - Shot by Aleksander Barkov.
8:13 of 2nd period - Goal by Aleksander Barkov - Golden Knights : 1 - Panthers : 4.
8:13 of 2nd period - Thomas Greiss enters game.
8:14 of 2nd period - Roope Hintz wins face-off versus Nathan MacKinnon in neutral zone.
8:40 of 2nd period - Off-side.
8:41 of 2nd period - Aleksander Barkov wins face-off versus Jack Roslovic in neutral zone.
8:57 of 2nd period - Minor Penalty to Travis Hamonic for Interference.
8:58 of 2nd period - Nathan MacKinnon wins face-off versus Aleksander Barkov in Golden Knights zone.
9:29 of 2nd period - Shot by Artemi Panarin.
9:29 of 2nd period - Stopped by Alexandar Georgiev without a rebound.
9:30 of 2nd period - Roope Hintz wins face-off versus Nathan MacKinnon in Panthers zone.
9:55 of 2nd period - Shot by Roope Hintz.
9:55 of 2nd period - Stopped by Thomas Greiss without a rebound.
9:56 of 2nd period - Mark Stone wins face-off versus Aleksander Barkov in Golden Knights zone.
10:13 of 2nd period - Shot by Owen Power.
10:13 of 2nd period - Goal by Owen Power - Golden Knights : 1 - Panthers : 5.
10:14 of 2nd period - Frederick Gaudreau wins face-off versus Tomas Hertl in neutral zone.
10:16 of 2nd period - Quinn Hughes is hit by T.J. Oshie and loses puck.
10:28 of 2nd period - Michael McLeod is hit by Marcus Foligno.
10:37 of 2nd period - Icing by T.J. Oshie.
10:38 of 2nd period - Aleksander Barkov wins face-off versus Tomas Hertl in Golden Knights zone.
10:48 of 2nd period - Icing by Miro Heiskanen.
10:49 of 2nd period - Tomas Hertl wins face-off versus Jack Hughes in Golden Knights zone.
11:32 of 2nd period - Shot by Jack Hughes.
11:32 of 2nd period - Shot Misses the Net.
11:35 of 2nd period - Icing by Zach Werenski.
11:36 of 2nd period - Aleksander Barkov wins face-off versus Tomas Hertl in Golden Knights zone.
11:41 of 2nd period - Shot by Aleksander Barkov.
11:41 of 2nd period - Stopped by Thomas Greiss without a rebound.
11:42 of 2nd period - Nathan MacKinnon wins face-off versus Andrei Svechnikov in Golden Knights zone.
11:49 of 2nd period - Shot by Matthew Tkachuk.
11:49 of 2nd period - Goal by Matthew Tkachuk - Golden Knights : 1 - Panthers : 6.
11:50 of 2nd period - Nathan MacKinnon wins face-off versus Aleksander Barkov in neutral zone.
12:01 of 2nd period - Shot by Mark Stone.
12:01 of 2nd period - Stopped by Alexandar Georgiev with a rebound.
12:03 of 2nd period - Shot by Mark Stone.
12:03 of 2nd period - Stopped by Alexandar Georgiev without a rebound.
12:04 of 2nd period - Mikael Backlund wins face-off versus Jack Roslovic in Panthers zone.
13:09 of 2nd period - Shot by Aleksander Barkov.
13:09 of 2nd period - Shot Misses the Net.
13:20 of 2nd period - Shot by Matthew Tkachuk.
13:20 of 2nd period - Shot Misses the Net.
13:22 of 2nd period - Shot by Jake Sanderson.
13:22 of 2nd period - Stopped by Thomas Greiss without a rebound.
13:23 of 2nd period - Nathan MacKinnon wins face-off versus Roope Hintz in Golden Knights zone.
13:33 of 2nd period - Off-side.
13:34 of 2nd period - Frederick Gaudreau wins face-off versus Nathan MacKinnon in neutral zone.
13:34 of 2nd period - Frederick Gaudreau is hit by Artemi Panarin.
13:47 of 2nd period - Minor Penalty to Miro Heiskanen for Roughing.
13:48 of 2nd period - Nathan MacKinnon wins face-off versus Aleksander Barkov in Golden Knights zone.
14:15 of 2nd period - Shot by Quinn Hughes.
14:15 of 2nd period - Stopped by Thomas Greiss with a rebound.
14:17 of 2nd period - Shot by Quinn Hughes.
14:17 of 2nd period - Stopped by Thomas Greiss without a rebound.
14:18 of 2nd period - Roope Hintz wins face-off versus Nathan MacKinnon in Golden Knights zone.
14:47 of 2nd period - Shot by Owen Power.
14:47 of 2nd period - Shot Misses the Net.
14:49 of 2nd period - Shot by Brady Tkachuk.
14:49 of 2nd period - Deflect By Roope Hintz.
14:49 of 2nd period - Shot Misses the Net.
14:51 of 2nd period - Shot by Owen Power.
14:51 of 2nd period - Shot Misses the Net.
14:53 of 2nd period - Shot by Owen Power.
14:53 of 2nd period - Stopped by Thomas Greiss with a rebound.
16:07 of 2nd period - Shot by Mikael Backlund.
16:07 of 2nd period - Shot Misses the Net.
16:23 of 2nd period - Shot by Reilly Smith.
16:23 of 2nd period - Stopped by Thomas Greiss without a rebound.
16:24 of 2nd period - Frederick Gaudreau wins face-off versus Tomas Hertl in Golden Knights zone.
16:29 of 2nd period - Shot by Mike Matheson.
16:29 of 2nd period - Shot Misses the Net.
17:31 of 2nd period - Minor Penalty to Charlie McAvoy for Interference.
17:32 of 2nd period - Nathan MacKinnon wins face-off versus Mikael Backlund in Panthers zone.
18:47 of 2nd period - Shot by Reilly Smith.
18:47 of 2nd period - Shot Misses the Net.
19:34 of 2nd period - Shot by Travis Hamonic.
19:34 of 2nd period - Stopped by Alexandar Georgiev without a rebound.
19:35 of 2nd period - Jack Roslovic wins face-off versus Aleksander Barkov in Panthers zone.
19:50 of 2nd period - Shot by Kirby Dach.
19:50 of 2nd period - Stopped by Alexandar Georgiev without a rebound.
19:51 of 2nd period - Tomas Hertl wins face-off versus Roope Hintz in Panthers zone.
Goals for this period are 0 for Golden Knights vs 3 for Panthers.
Shots for this period are 10 for Golden Knights vs 12 for Panthers.

3rd period


0:01 of 3rd period - Nathan MacKinnon wins face-off versus Aleksander Barkov in neutral zone.
0:03 of 3rd period - Mark Stone is hit by Andrei Svechnikov and loses puck.
0:09 of 3rd period - Quinn Hughes is hit by Miro Heiskanen and loses puck.
1:14 of 3rd period - Shot by Roope Hintz.
1:14 of 3rd period - Shot Misses the Net.
1:38 of 3rd period - Shot by Brady Tkachuk.
1:38 of 3rd period - Stopped by Thomas Greiss without a rebound.
1:39 of 3rd period - Tomas Hertl wins face-off versus Mikael Backlund in Golden Knights zone.
2:17 of 3rd period - T.J. Oshie is hit by Mikael Backlund and loses puck.
2:25 of 3rd period - Minor Penalty to Jakob Chychrun for Slashing.
2:26 of 3rd period - Aleksander Barkov wins face-off versus Marcus Foligno in Golden Knights zone.
2:49 of 3rd period - Shot by Jack Hughes.
2:49 of 3rd period - Stopped by Thomas Greiss without a rebound.
2:50 of 3rd period - Nathan MacKinnon wins face-off versus Roope Hintz in Golden Knights zone.
3:04 of 3rd period - Icing by Mike Matheson.
3:05 of 3rd period - Nathan MacKinnon wins face-off versus Roope Hintz in Panthers zone.
3:24 of 3rd period - Shot by Mike Matheson.
3:24 of 3rd period - Shot Misses the Net.
3:38 of 3rd period - Shot by Roope Hintz.
3:38 of 3rd period - Stopped by Thomas Greiss without a rebound.
3:39 of 3rd period - Nathan MacKinnon wins face-off versus Aleksander Barkov in Golden Knights zone.
3:58 of 3rd period - Shot by Quinn Hughes.
3:58 of 3rd period - Shot Misses the Net.
4:45 of 3rd period - Shot by Travis Hamonic.
4:45 of 3rd period - Goal by Travis Hamonic - Golden Knights : 2 - Panthers : 6.
4:46 of 3rd period - Tomas Hertl wins face-off versus Michael McLeod in neutral zone.
5:17 of 3rd period - Mike Matheson is hit by Marcus Foligno and loses puck.
5:47 of 3rd period - Zach Werenski is hit by Owen Power and loses puck.
5:58 of 3rd period - Shot by Aleksander Barkov.
5:58 of 3rd period - Shot Blocked by Miro Heiskanen.
6:00 of 3rd period - Shot by Aleksander Barkov.
6:00 of 3rd period - Stopped by Thomas Greiss without a rebound.
6:01 of 3rd period - Nathan MacKinnon wins face-off versus Roope Hintz in Golden Knights zone.
6:09 of 3rd period - Nathan MacKinnon is hit by Charlie McAvoy and loses puck.
6:46 of 3rd period - Shot by Jack Hughes.
6:46 of 3rd period - Shot Misses the Net.
6:53 of 3rd period - Icing by Adam Boqvist.
6:54 of 3rd period - Nathan MacKinnon wins face-off versus Aleksander Barkov in Golden Knights zone.
6:56 of 3rd period - Artemi Panarin is hit by Andrei Svechnikov.
7:11 of 3rd period - Minor Penalty to Owen Power for Tripping.
7:12 of 3rd period - Mikael Backlund wins face-off versus Tomas Hertl in Panthers zone.
7:12 of 3rd period - Mikael Backlund is hit by T.J. Oshie.
7:38 of 3rd period - Shot by Zach Werenski.
7:38 of 3rd period - Shot Blocked by Charlie McAvoy.
7:40 of 3rd period - Shot by Tomas Hertl.
7:40 of 3rd period - Goal by Tomas Hertl - Golden Knights : 3 - Panthers : 6.
7:41 of 3rd period - Jack Roslovic wins face-off versus Aleksander Barkov in neutral zone.
8:01 of 3rd period - Icing by Mattias Janmark.
8:02 of 3rd period - Jack Roslovic wins face-off versus Roope Hintz in Golden Knights zone.
8:09 of 3rd period - Quinn Hughes is hit by Kirby Dach and loses puck.
8:16 of 3rd period - Shot by Jack Roslovic.
8:16 of 3rd period - Deflect By Rafael Harvey-Pinard.
8:16 of 3rd period - Stopped by Alexandar Georgiev without a rebound.
8:17 of 3rd period - Nathan MacKinnon wins face-off versus Aleksander Barkov in Panthers zone.
8:23 of 3rd period - Andrei Svechnikov is hit by Jakob Chychrun and loses puck.
8:39 of 3rd period - Shot by Andrei Svechnikov.
8:39 of 3rd period - Shot Misses the Net.
8:41 of 3rd period - Shot by Aleksander Barkov.
8:41 of 3rd period - Stopped by Thomas Greiss without a rebound.
8:42 of 3rd period - Roope Hintz wins face-off versus Tomas Hertl in Golden Knights zone.
10:01 of 3rd period - Icing by Zach Werenski.
10:02 of 3rd period - Tomas Hertl wins face-off versus Mikael Backlund in Golden Knights zone.
10:23 of 3rd period - Shot by Jamie Benn.
10:23 of 3rd period - Shot Blocked by Zach Werenski.
10:25 of 3rd period - Shot by Reilly Smith.
10:25 of 3rd period - Shot Blocked by Miro Heiskanen.
10:42 of 3rd period - Shot by Reilly Smith.
10:42 of 3rd period - Stopped by Thomas Greiss without a rebound.
10:43 of 3rd period - Aleksander Barkov wins face-off versus Nathan MacKinnon in Golden Knights zone.
10:50 of 3rd period - Artemi Panarin is hit by Andrei Svechnikov and loses puck.
10:59 of 3rd period - Jakob Chychrun is hit by Andrei Svechnikov and loses puck.
11:59 of 3rd period - Minor Penalty to Jack Roslovic for Tripping.
12:00 of 3rd period - Nathan MacKinnon wins face-off versus Jamie Benn in Golden Knights zone.
12:06 of 3rd period - Icing by Roope Hintz.
12:07 of 3rd period - Nathan MacKinnon wins face-off versus Roope Hintz in Panthers zone.
12:07 of 3rd period - Nathan MacKinnon is hit by Mike Matheson.
13:06 of 3rd period - Icing by Brady Tkachuk.
13:07 of 3rd period - Roope Hintz wins face-off versus Artemi Panarin in Panthers zone.
13:07 of 3rd period - Roope Hintz is hit by Nathan MacKinnon.
14:57 of 3rd period - Shot by Reilly Smith.
14:57 of 3rd period - Shot Misses the Net.
15:12 of 3rd period - Shot by Mikael Backlund.
15:12 of 3rd period - Shot Misses the Net.
15:14 of 3rd period - Shot by Mikael Backlund.
15:14 of 3rd period - Shot Misses the Net.
15:16 of 3rd period - Shot by Jamie Benn.
15:16 of 3rd period - Shot Misses the Net.
15:28 of 3rd period - Jack Roslovic is hit by Jamie Benn and loses puck.
15:46 of 3rd period - Icing by Charlie McAvoy.
15:47 of 3rd period - Nathan MacKinnon wins face-off versus Aleksander Barkov in Panthers zone.
16:14 of 3rd period - Shot by Artemi Panarin.
16:14 of 3rd period - Stopped by Alexandar Georgiev without a rebound.
16:15 of 3rd period - Tomas Hertl wins face-off versus Brady Tkachuk in Panthers zone.
16:22 of 3rd period - Shot by T.J. Oshie.
16:22 of 3rd period - Shot Hit the Post.
16:34 of 3rd period - Shot by Roope Hintz.
16:34 of 3rd period - Shot Blocked by Jakob Chychrun.
17:15 of 3rd period - Icing by Jakob Chychrun.
17:16 of 3rd period - Jamie Benn wins face-off versus Tomas Hertl in Golden Knights zone.
17:53 of 3rd period - Shot by Reilly Smith.
17:53 of 3rd period - Deflect By Jamie Benn.
17:53 of 3rd period - Stopped by Thomas Greiss with a rebound.
17:55 of 3rd period - Shot by Mike Matheson.
17:55 of 3rd period - Stopped by Thomas Greiss without a rebound.
17:56 of 3rd period - Aleksander Barkov wins face-off versus Kirby Dach in Golden Knights zone.
18:02 of 3rd period - Icing by Miro Heiskanen.
18:03 of 3rd period - Aleksander Barkov wins face-off versus Jack Roslovic in Golden Knights zone.
18:43 of 3rd period - Quinn Hughes is hit by Miro Heiskanen and loses puck.
18:55 of 3rd period - Icing by Quinn Hughes.
18:56 of 3rd period - Aleksander Barkov wins face-off versus Nathan MacKinnon in Panthers zone.
19:22 of 3rd period - Icing by Travis Hamonic.
19:23 of 3rd period - Nathan MacKinnon wins face-off versus Mikael Backlund in Golden Knights zone.
19:23 of 3rd period - Nathan MacKinnon is hit by Jamie Benn.
19:32 of 3rd period - Nathan MacKinnon is hit by Jamie Benn and loses puck.
19:58 of 3rd period - Icing by Reilly Smith.
19:59 of 3rd period - Mikael Backlund wins face-off versus Tomas Hertl in Panthers zone.
Goals for this period are 2 for Golden Knights vs 0 for Panthers.
Shots for this period are 4 for Golden Knights vs 8 for Panthers.